 Dungeon Crawl Stone Soup version 0.27-a0-1312-g5cdb2b3542 (webtiles) character file.

Game seed: 10687002630037000535

158 bilbop the Magician (level 5, -3/37 HPs)
             Began as a Mummy Summoner on June 20, 2021.
             Was a Follower of Yredelemnul.
             Killed from afar by Ijyb (18 damage)
             ... with a puff of flame
             ... on level 4 of the Dungeon.
             The game lasted 00:31:02 (5935 turns).

bilbop the Magician (Mummy Summoner)                Turns: 5935, Time: 00:31:03

Health: -3/37      AC:  2    Str: 12    XL:     5   Next: 16%
Magic:  0/10       EV: 12    Int: 14    God:    Yredelemnul [*.....]
Gold:   96         SH:  0    Dex: 13    Spells: 8/11 levels left

rFire    x . .     SeeInvis .   a - +0 dagger
rCold    + . .     Faith    .   (no shield)
rNeg     + + +     Spirit   .   c - +0 robe
rPois    ∞         Reflect  .   (no helmet)
rElec    .         Harm     .   (no cloak)
rCorr    .         Rampage  .   (no gloves)
Will     .....                  (no boots)
Stlth    ++........             (no amulet)
HPRegen  0.12/turn              (no ring)
MPRegen  0.12/turn              (no ring)

@: no status effects
A: cold resistance 1, negative energy resistance 3, torment resistance 2, heat
vulnerability 1, no potions
a: Renounce Religion, Animate Remains


You were on level 4 of the Dungeon.
You worshipped Yredelemnul.
Yredelemnul was aware of your devotion.
You visited 1 branch of the dungeon, and saw 4 of its levels.

You collected 96 gold pieces.

Inventory:

Hand Weapons
 a - a +0 dagger (weapon)
 e - a +0 hunting sling
Armour
 c - a +0 robe (worn)
 k - a +0 leather armour
Jewellery
 l - a +4 ring of evasion
Wands
 j - a wand of iceblast (9)
Scrolls
 b - 2 scrolls of teleportation {unknown}
 d - 2 scrolls of immolation {unknown}
 f - 7 scrolls of identify {unknown}
 g - a scroll of amnesia {unknown}
 h - a scroll of fog {unknown}
 i - a scroll of magic mapping {unknown}


   Skills:
 + Level 1.6 Fighting
 + Level 1.3 Short Blades
 + Level 2.3 Dodging
 + Level 2.3 Stealth
 + Level 3.7 Spellcasting
 + Level 3.6 Summonings
 + Level 0.3 Invocations


You had 8 spell levels left.
You knew the following spells:

 Your Spells              Type           Power      Damage    Failure   Level
a - Summon Small Mammal   Summ           48%        N/A       4%          1
b - Call Imp              Summ           12%        N/A       7%          2

Your spell library contained the following spells:

 Spells                   Type           Power      Damage    Failure   Level
 Call Canine Familiar     Summ           12%        N/A       13%         3
 Animate Skeleton         Necr           4%         N/A       21%         1
 Pain                     Necr           8%         1d4       21%         1
 Summon Guardian Golem    Hex/Summ       7%         N/A       28%         3
 Confusing Touch          Hex            2%         N/A       52%         3
 Gell's Gravitas          Tloc           1%         N/A       52%         3
 Vampiric Draining        Necr           1%         2d6       52%         3
 Summon Ice Beast         Ice/Summ       7%         N/A       67%         4
 Summon Lightning Spire   Summ/Air       7%         N/A       67%         4
 Animate Dead             Necr           1%         N/A       89%         4
 Petrify                  Tmut/Erth      2%         N/A       89%         4
 Agony                    Necr           2%         N/A       99%         5
 Metabolic Englaciation   Hex/Ice        1%         N/A       99%         5
 Yara's Violent Unravell  Hex/Tmut       1%         3d3       99%         5


Dungeon Overview and Level Annotations

Branches:
Dungeon (4/15)             Temple (0/1) D:4

Altars:
Yredelemnul

Shops:
D:4 :

Annotations:
D:4 Ijyb


Innate Abilities, Weirdness & Mutations

You are immune to poison.
Your flesh is cold resistant. (rC+)
You are immune to negative energy. (rN+++)
You are immune to unholy pain and torment.
You are vulnerable to heat. (rF-)
You do not drink.


Message History

You closely miss Ijyb.
Ijyb is lightly wounded.
Your bat hits Ijyb.
Your crimson imp hits Ijyb but does no damage.
Ijyb hits you with a +0 dagger.
You hit Ijyb but do no damage.
Ijyb is lightly wounded.
Your crimson imp hits Ijyb but does no damage.
Ijyb hits you but does no damage.
Your bat hits Ijyb but does no damage. You closely miss Ijyb.
Ijyb is lightly wounded.
Your bat closely misses Ijyb. x2
Your crimson imp hits Ijyb but does no damage.
Ijyb hits you but does no damage.
You hit Ijyb but do no damage.
Ijyb is lightly wounded.
Your bat hits Ijyb but does no damage.
Your crimson imp completely misses Ijyb.
Ijyb zaps a wand.
The puff of flame hits you. The fire burns you terribly!
You are too injured to fight recklessly!
You are too injured to fight recklessly!
You are too injured to fight recklessly!
You are too injured to fight recklessly!
You are too injured to fight recklessly!
Casting: Summon Small Mammal (safe; 4% risk of failure)
Confirm with . or Enter, or press ? or * to list all spells.
Your bat barely misses Ijyb.
Your crimson imp hits Ijyb but does no damage.
Ijyb zaps a wand.
The puff of flame misses you.
You hit Ijyb but do no damage.
Ijyb is lightly wounded.
Your bat hits Ijyb but does no damage.
Your crimson imp hits Ijyb but does no damage.
Ijyb hits you but does no damage.
You closely miss Ijyb.
Ijyb is lightly wounded.
Your crimson imp closely misses Ijyb.
Ijyb zaps a wand.
The puff of flame hits you!! The fire burns you terribly!
You die...
Yredelemnul claims you as an undead slave.

..#.......#.#.#
..).....#.#
..>...#.#.##
...........########
......#............
........###########
#.#.#.#5#########
.....br.ghhh.....
#######@#########
#.# #.# ..# ###


You could see Ijyb (ally target), 3 jackals, a friendly crimson imp (summoned),
a friendly bat (summoned) and a friendly rat (summoned).

Vanquished Creatures
  A kobold brigand (D:4)
  2 adders
  A bat (D:3)
  An endoplasm (D:3)
  2 giant cockroaches
  2 goblins
  A hobgoblin (D:3)
  2 jackals
  2 quokkas
  4 ball pythons
  A frilled lizard (D:2)
  7 kobolds
  2 rats (D:2)
28 creatures vanquished.

Vanquished Creatures (collateral kills)
  Jessica (D:2)
  3 adders
  A worm (D:3)
  5 orcs (D:3)
  3 ball pythons
  2 endoplasms
  2 giant cockroaches (D:1)
  2 goblins (D:1)
  4 hobgoblins (D:1)
  7 jackals
  4 quokkas
  3 bats
  2 frilled lizards (D:1)
  20 kobolds
  4 rats
63 creatures vanquished.

Vanquished Creatures (others)
  45 plants (D:4)
45 creatures vanquished.

Grand Total: 136 creatures vanquished

Notes
Turn   | Place    | Note
-------+----------+-------------------------------------------
     0 | D:1      | bilbop the Mummy Summoner began the quest for the Orb.
     0 | D:1      | Reached XP level 1. HP: 13/13 MP: 4/4
   721 | D:2      | Reached XP level 2. HP: 20/20 MP: 0/5
  1618 | D:1      | Found a faded altar of an unknown god.
  2525 | D:2      | Noticed Jessica
  2543 | D:2      | Killed Jessica
  2544 | D:2      | Reached skill level 1 in Fighting
  2544 | D:2      | Reached XP level 3. HP: 16/26 MP: 0/7
  3070 | D:2      | Learned a level 2 spell: Call Imp
  3202 | D:2      | Reached skill level 1 in Short Blades
  4299 | D:3      | Reached XP level 4. HP: 32/32 MP: 4/8
  4587 | D:3      | Found a basalt altar of Yredelemnul.
  4643 | D:3      | Became a worshipper of Yredelemnul the Dark
  5128 | D:4      | Found Pyepig's Book Emporium.
  5319 | D:4      | Noticed a kobold brigand
  5356 | D:4      | Reached * piety under Yredelemnul
  5657 | D:4      | Found a staircase to the Ecumenical Temple.
  5743 | D:4      | Killed a kobold brigand
  5744 | D:4      | Reached XP level 5. HP: 32/37 MP: 1/10
  5907 | D:4      | Noticed Ijyb
  5935 | D:4      | Killed from afar by Ijyb

Illustrated notes

Levels and vault maps discovered:
D:1:      dpeg_arrival_rooms_a, layout_loops_ring,
          hellmonk_ecumenical_altar_leap_of_faith, minmay_split_cup_small
D:2:      layout_loops_corners, uniq_jessica
D:3:      layout_loops_ring, lemuel_doored_altar
D:4:      kennysheep_kobold_camp, layout_basic, nicolae_overflow_hidden_temple,
          minmay_temple_entry_glass, serial_shops, kennysheep_mini_moat,
          uniq_ijyb

Skill      XL: |  1  2  3 |
---------------+----------+-----
Spellcasting   | 3 |  3.7
Fighting       | 1 |  1.6
Dodging        | 2 |  2.3
Stealth        | 2 |  2.3
Short Blades   | 1 |  1.3
Summonings     | |  3.6
Invocations    | |  0.3

Action                   |  1- 3 |  4- 6 || total
-------------------------+-------+-------++-------
Melee: Dagger            |    89 |    52 ||   141
       Unarmed           |     2 |       ||     2
 Cast: Summon Small Mamm |   109 |     5 ||   114
       Call Imp          |       |    36 ||    36
 Stab: Sleeping          |     3 |     4 ||     7
       Distracted        |       |     1 ||     1
Armor: Robe              |    17 |     8 ||    25
       Leather armour    |       |     6 ||     6
Dodge: Dodged            |    83 |    35 ||   118

Table legend: (Time is in decaauts)
 A = Elapsed time spent in this place.
 B = Non-inter-level travel time spent in this place.
 C = Inter-level travel time spent in this place.
 D = Time resting spent in this place.
 E = Time spent auto-exploring this place.
 F = Levels seen in this place.
 G = Mean time per level.
                   A        B        C        D        E       F      G
               +--------+--------+--------+--------+--------+-----+--------+
         Total |   5932 |   5723 |    209 |    828 |   3882 |   4 | 1483.0 |
       Dungeon |   5932 |   5723 |    209 |    828 |   3882 |   4 | 1483.0 |
               +--------+--------+--------+--------+--------+-----+--------+

Top non-repeatable levels by time:
     D:2: 2242 daAuts
     D:1: 1595 daAuts
     D:3: 1328 daAuts
     D:4: 766 daAuts
